 Dungeon Crawl Stone Soup version 0.30-a0-782-ge64f9170bb (webtiles) character file.

Game seed: 6315472858388622521

60 Jane the Scratcher (level 3, -1/17 HPs)
             Began as a Felid Chaos Knight on Feb 21, 2023.
             Was a Plaything of Xom.
             Slain by a worm (5 damage)
             ... on level 2 of the Dungeon.
             The game lasted 00:09:39 (1803 turns).

Jane the Scratcher (Felid Chaos Knight)             Turns: 1803, Time: 00:09:39

Health: -1/17      AC:  1    Str:  8    XL:     3   Next: 82%
Magic:  4/4        EV: 18    Int: 13    God:    Xom [...*..]
Gold:   116        SH:  0    Dex: 17    Spells: 2/2 levels left
                                        Lives:  0   Deaths: 0

rFire   . . .      SeeInvis +      - Unarmed
rCold   . . .      Faith    .    (shield unavailable)
rNeg    . . .      Spirit   .    (body armour unavailable)
rPois   .          Reflect  .    (helmet unavailable)
rElec   .          Harm     .    (cloak unavailable)
rCorr   .          Rampage  .    (gloves unavailable)
Will    .....                    (boots unavailable)
Stlth   ++                       (no amulet)
HPRegen 0.22/turn                (no ring)
MPRegen 0.09/turn                (no ring)

@: quick
A: very small, claws 1, fangs 3, see invisible, speed 1, shaggy fur 1, stealthy
paws, no weapons or thrown items, no armour, multi-lived
a: Renounce Religion


You were on level 2 of the Dungeon.
You worshipped Xom.
You were a favourite toy of Xom.
You visited 1 branch of the dungeon, and saw 2 of its levels.

You collected 116 gold pieces.

Inventory:

Jewellery
 g - a +6 ring of strength
Scrolls
 b - 2 scrolls of noise
 c - a scroll of identify
 d - a scroll of vulnerability {unknown}
 h - a scroll of poison {unknown}
 i - a scroll of teleportation
 j - a scroll of torment {unknown}
 k - a scroll of enchant armour {unknown}
Potions
 e - a potion of haste {unknown}
 f - a potion of heal wounds {unknown}
 l - a potion of brilliance {unknown}
Miscellaneous
 a - a piece from Xom's chessboard (15/15) (quivered)


   Skills:
 + Level 3.5 Fighting
 + Level 3.7 Dodging
 - Level 1.2 Stealth
 + Level 4.0 Unarmed Combat


You had 2 spell levels left.
You didn't know any spells.
Your spell library was empty.

Dungeon Overview and Level Annotations

Branches:
Dungeon (2/15)

Altars:


Innate Abilities, Weirdness & Mutations

You have sharp claws.
You have razor-sharp teeth.
You have supernaturally acute eyesight. (SInv)
You cover ground quickly. (Speed+)
You are covered in fur. (AC +1)
Your paws help you pounce on unaware monsters.
You are incapable of wielding weapons or throwing items.
You cannot wear armour.
You gain extra lives every three experience levels.


Message History

The bat barely misses you. The rat closely misses you. The bat hits you.
You closely miss the bat. Your bite misses the bat.
The bat is severely wounded.
The bat closely misses you. The rat bites you but does no damage.
The bat misses you. The bat completely misses you. The bat hits you.
The bat closely misses you. The bat hits you but does no damage.
The rat barely misses you.
You scratch the rat.
You kill the rat!
The bat misses you.
Your Unarmed Combat skill increases to level 4!
The bat closely misses you. The bat hits you but does no damage.
The bat attacks as you move away! The bat closely misses you.
The bat misses you.
A goblin and a ball python come into view.
Found 3 stones.
The goblin shouts!
The ball python hisses angrily.
The bat misses you. The bat attacks as you move away! The bat misses you.
The bat hits you. The goblin hits you with a +0 club.
* * * LOW HITPOINT WARNING * * *
The bat barely misses you.
You scratch the bat but do no damage.
Xom makes a sudden noise!
You hear a high-pitched scream!
You are now a favourite toy of Xom.
The bat hits you but does no damage. The bat misses you.
You claw the bat!
You kill the bat!
The goblin hits you with a +0 club.
* * * LOW HITPOINT WARNING * * *
As you read the scroll labelled EDWAYN TESATHA, it crumbles to dust.
You hear a loud clanging noise!
It was a scroll of noise.
The goblin closely misses you.
As you read the scroll labelled UQUMAVV WUMUNN, it crumbles to dust.
It is a scroll of identify.
i - a scroll of teleportation The goblin misses you.
The worm bites you.
You die...

#.##.....>...#...###
###.###.......##....
#................##..
#.###.#.).....#.. #.#
#............
#.###.#.#.#.#.#..
#......##.......#
#.#.##w##.......#
#.#.##@##..$....#
#.....g# #######
###.###S...... #.#
....... #.# .......
.#. ..(.... .......
....... .......


You could see a worm, a goblin and a ball python.

Vanquished Creatures
  3 dart slugs
  3 endoplasms
  3 giant cockroaches (D:1)
  5 goblins
  8 hobgoblins
  6 jackals
  2 quokkas (D:1)
  7 bats
  A frilled lizard (D:1)
  4 kobolds
  7 rats
49 creatures vanquished.

Notes
Turn   | Place    | Note
-------+----------+-------------------------------------------
     0 | D:1      | Jane the Felid Chaos Knight began the quest for the Orb.
     0 | D:1      | Reached XP level 1. HP: 10/10 MP: 2/2
   169 | D:1      | XOM: divination: magic mapping
   173 | D:1      | Reached XP level 2. HP: 14/14 MP: 3/3
   245 | D:1      | XOM: smoke on damage
   465 | D:1      | XOM: god gift: scroll labelled EDWAYN TESATHA {god gift}
   475 | D:1      | XOM: 1-stop teleportation journey
   515 | D:1      | Reached skill level 1 in Stealth
   515 | D:1      | XOM: blink monster(s)
   529 | D:1      | Reached XP level 3. HP: 11/17 MP: 4/4
   743 | D:1      | XOM: draining
   912 | D:1      | XOM: god gift: transparent whip {god gift}
   912 | D:1      | Identified the +5 whip "Ifaej" {heavy, rC++ rCorr Dex-2}
                  | (Xom gifted it to you on level 1 of the Dungeon)
   985 | D:1      | XOM: butterfly on damage
  1560 | D:2      | XOM: 2-stop teleportation journey
  1671 | D:2      | Found a faded altar of an unknown god.
  1763 | D:2      | XOM: swap monsters
  1793 | D:2      | Reached skill level 4 in Unarmed Combat
  1800 | D:2      | XOM: noise
  1803 | D:2      | Slain by a worm

Illustrated notes

Levels and vault maps discovered:
D:1:      dpeg_arrival_oval, layout_basic
D:2:      layout_loops_cross, dilly_ecumenical_altar_fadedgnrine, st_stairs_4

Skill      XL: |  1  2  3 |
---------------+----------+-----
Stealth        | 1 |  1.2
Unarmed Combat | 4 |  4.0
Fighting       | |  3.5
Dodging        | |  3.7

Action                     || total
---------------------------++-------
  Melee: Unarmed           ||   125
         Bite              ||     8
         Punch             ||     3
    Use: Scroll            ||     2
   Stab: Sleeping          ||     5
 Armour: Skin              ||    15
  Dodge: Dodged            ||   131

Table legend: (Time is in decaauts)
 A = Elapsed time spent in this place.
 B = Non-inter-level travel time spent in this place.
 C = Inter-level travel time spent in this place.
 D = Time resting spent in this place.
 E = Time spent auto-exploring this place.
 F = Levels seen in this place.
 G = Mean time per level.
                   A        B        C        D        E       F      G
               +--------+--------+--------+--------+--------+-----+--------+
         Total |   1484 |   1452 |     32 |     40 |    429 |   2 |  742.0 |
       Dungeon |   1484 |   1452 |     32 |     40 |    429 |   2 |  742.0 |
               +--------+--------+--------+--------+--------+-----+--------+

Top non-repeatable levels by time:
     D:1: 1119 daAuts
     D:2: 364 daAuts
